 Dungeon Crawl Stone Soup version 0.15-a0-1729-g99b9770 (webtiles) character file.

304 PolkaDot the Sneak (level 6, -1/44 HPs)
             Began as a Vampire Assassin on June 27, 2014.
             Killed from afar by Ijyb (21 damage)
             ... with a wand of fire
             ... on Level 3 of the Dungeon.
             The game lasted 00:07:32 (2171 turns).

PolkaDot the Sneak (Vampire Assassin)               Turns: 2171, Time: 00:07:32

HP  -1/44        AC  3     Str 10      XL: 6   Next: 15%
MP   6/6         EV 12     Int 13      God:
Gold 109         SH  0     Dex 17      Spells:  1 memorised,  2 levels left

rFire  . . .     SeeInvis +     a - +2 dagger (venom)
rCold  . . .     Clarity  .     c - +0 robe
rNeg   . . .     rCorr    .     (no shield)
rPois  .         rRot     .     (no helmet)
rElec  .         Spirit   .     d - +0 cloak
SustAb .         Warding  .     (no gloves)
rMut   .         Stasis   .     (no boots)
Gourm  .                        (no amulet)
MR     .....                    (no ring)
                                (no ring)

@: regenerating quickly, not resistant to hostile enchantments, stealthy
A: bottle blood, fangs 3, see invisible, unbreathing
a: Bottle Blood


You were on level 3 of the Dungeon.
You were very full.

You visited 1 branch of the dungeon, and saw 3 of its levels.

You collected 109 gold pieces.

Inventory:

Hand weapons
 a - a +2 dagger of venom (weapon)
 b - a +0 blowgun
 p - a +0 cutlass
Missiles
 e - 8 poisoned needles
 f - 2 curare-tipped needles
Armour
 c - a +0 robe (worn)
 d - a +0 cloak (worn)
Magical devices
 o - a wand of magic darts (14) {unknown}
Scrolls
 g - a scroll of identify {unknown}
 i - a scroll of immolation {unknown}
 j - 3 scrolls of remove curse {unknown}
 k - 2 scrolls of blinking {unknown}
 n - a scroll of fog {unknown}
 r - a scroll of teleportation {unknown}
 s - a scroll of enchant armour {unknown}
Potions
 h - a potion of magic {unknown}
 l - 3 potions of curing {unknown}
 m - a potion of poison {unknown}
 t - a potion of flight {unknown}
Books
 q - a book of the Sky

   Spells                             Type                      Level
   *Flight                            Charms/Air                   3
   Airstrike                          Air                          4
   Silence                            Hexes/Air                    5
   Deflect Missiles                   Charms/Air                   6
   Conjure Ball Lightning             Conjuration/Air              6
   Tornado                            Air                          9


   Skills:
 - Level 1.7 Fighting
 * Level 6.4 Short Blades
 - Level 1.5 Throwing
 - Level 1.1 Dodging
 + Level 7.4 Stealth


You had 2 spell levels left.
You knew the following spells:

 Your Spells              Type           Power        Failure   Level  Hunger
F - Flight                Chrm/Air       #.........   86%         3    ####...


Dungeon Overview and Level Annotations

Branches:
Dungeon (3/15)

Altars:
Fedhas

Annotations:
D:3 Ijyb


Innate Abilities, Weirdness & Mutations

Your natural rate of healing is unusually fast.
You can bottle blood from corpses.
You have razor-sharp teeth.*
You have supernaturally acute eyesight.
You can survive without breathing.*


Message History

A kobold comes into view. It is wielding a whip.
Ijyb the Twisted Goblin comes into view.
He is wielding a glowing club.
The kobold shouts!
Ijyb shouts!
The kobold hits you with a whip.
Ijyb zaps a wand.
The bolt of fire hits you!
You are too injured to fight recklessly!
You are too injured to fight recklessly!
You are too injured to fight recklessly!
You barely miss the kobold. You hit the kobold.
The kobold is poisoned.
The kobold is almost dead.
Ijyb zaps a wand.
The bolt of fire hits you! The kobold barely misses you.
You barely miss the kobold.
The kobold is almost dead.
The kobold completely misses you.
You barely miss the kobold.
The kobold is almost dead.
You hit the kobold.
You kill the kobold!
Ijyb zaps a wand.
The bolt of fire hits you!
You die...

#.......#.####...............
###.#####.# #.###.#########.
#.......# #.# #.# #.
############## #.# #.# ##
#....<.# #.# #.# # #.####.# .
#.# # #.####.# # #.# #######
#.#....##########.###.#
.......
#.#............@).....#
#######
#.#....####.......###.# #
#......# #.#.##...# #
####...# #.#.# ...g.. # ###.#
#.#.# ...#.# # #.# #.#..
.....# # #.# #.### ..### #
#.# #.# ..# . #.# #.# .


You could see Ijyb.

Vanquished Creatures
  Sigmund (D:3)
  An orc priest (D:3)
  An orc wizard (D:3)
  Natasha (D:3)
  Jessica (D:2)
  5 adders
  A giant mite (D:2)
  2 worms
  2 giant geckos (D:1)
  2 orcs (D:3)
  11 bats
  3 giant cockroaches (D:1)
  8 goblins
  6 hobgoblins
  A quokka (D:3)
  A ball python (D:1)
  3 giant newts
  4 jackals (D:1)
  9 kobolds
  7 rats
70 creatures vanquished.

Notes
Turn   | Place    | Note
--------------------------------------------------------------
     0 | D:1      | PolkaDot, the Vampire Assassin, began the quest for the Orb.
     0 | D:1      | Reached XP level 1. HP: 16/16 MP: 1/1
   215 | D:1      | Reached XP level 2. HP: 22/22 MP: 2/2
   557 | D:1      | Reached XP level 3. HP: 23/27 MP: 3/3
   814 | D:2      | Noticed Jessica
   822 | D:2      | Killed Jessica
   822 | D:2      | Reached skill level 6 in Stealth
   965 | D:2      | Reached XP level 4. HP: 33/33 MP: 4/4
  1285 | D:2      | Reached skill level 5 in Short Blades
  1756 | D:3      | Noticed Sigmund
  1768 | D:3      | Killed Sigmund
  1768 | D:3      | Reached skill level 7 in Stealth
  1768 | D:3      | Reached XP level 5. HP: 28/38 MP: 5/5
  1870 | D:3      | Noticed Natasha
  1873 | D:3      | Killed Natasha
  1873 | D:3      | Reached XP level 6. HP: 40/44 MP: 6/6
  1923 | D:3      | Found a blossoming altar of Fedhas.
  1950 | D:3      | Learned a level 3 spell: Flight
  2165 | D:3      | Noticed Ijyb
  2171 | D:3      | Killed from afar by Ijyb

Action                   |  1- 3 |  4- 6 || total
-------------------------+-------+-------++-------
Melee: Dagger            |   101 |    97 ||   198
  Use: Potion            |     1 |       ||     1
 Stab: Sleeping          |     6 |     7 ||    13
       Distracted        |       |     1 ||     1
